Map: Daybreak LE (Void)

Players

Musumeci

  • Race: Zerg Zerg
  • League: Diamond
  • Spawn Location: 1:00

Cheater 1 (Insane) - Winner!

  • Race: Protoss Protoss
  • Spawn Location: 7:00

VOD

Have the link to the VOD?

Description

Time

  • Played on: Jan. 1, 2017, 2:05 p.m.
  • Length: 11:41
Show
View Real Time Build Order
Export as new Build Order

Musumeci Zerg 

Build Orders: Hatch First 

Get SALT Encoding   

  12  0:07  Drone  
  12  0:10  Drone  
  14  0:25  Drone, Extractor  
  15  0:40  Hatchery  
  14  0:44  Extractor  
  14  0:47  Drone  
  15  1:03  Spawning Pool  
  14  1:21  Extractor  
  14  1:22  Drone  
  14  1:26  Overlord  
  14  1:29  Drone, Extractor x2  
  13  1:32  Drone  
  13  1:36  Extractor  
  13  1:39  Extractor  
  15  1:46  Drone  
  17  1:51  Queen  
  19  1:57  Queen  
  19  2:00  Zergling x2  
  22  2:08  Zergling x4  
  24  2:12  Drone  
  25  2:21  Overlord  
  25  2:32  Drone x3  
  28  2:40  Metabolic Boost  
  28  2:45  Zergling x2  
  29  2:52  Zergling x4  
  31  3:09  Zergling x12  
  36  3:16  Baneling Nest  
  36  3:18  Drone  
  36  3:24  Overlord  
  36  3:42  Zergling x10  
  41  3:55  Zergling x6  
  44  4:03  Baneling x4  
  44  4:04  Baneling x2  
  44  4:10  Overlord  
  38  4:31  Zergling x12  
  38  4:32  Zergling x6  
  38  4:46  Zergling x10  
  40  4:57  Zergling x8  
  39  5:20  Zergling x12  
  39  5:31  Zergling x8  
  43  5:39  Zergling x6  
  43  5:41  Baneling x3  
  46  5:44  Drone  
  46  5:47  Drone  
  48  6:03  Zergling x4  
  48  6:04  Zergling x6  
  39  6:12  Zergling x6  
  39  6:17  Drone  
  39  6:18  Drone  
  43  6:23  Zergling x2  
  44  6:29  Evolution Chamber  
  43  6:34  Zergling x8  
  47  6:47  Drone x4  
  49  6:55  Drone  
  49  6:56  Drone  
  49  7:00  Zerg Melee Weapons Level 1  
  51  7:03  Zergling x2  
  51  7:04  Overlord  
  52  7:16  Baneling  
  52  7:17  Baneling x12  
  52  7:25  Zergling x2  
  52  7:26  Zergling x6  
  54  7:57  Zergling x4  
  54  7:58  Zergling x10  
  50  8:08  Zergling x2  
  51  8:15  Baneling  
  51  8:16  Baneling x7  
  51  8:19  Baneling  
  51  8:23  Hatchery  
  50  8:34  Zergling x2  
  50  8:36  Overlord x3  
  50  9:05  Zergling x6  
  50  9:06  Zergling x22  
  62  9:11  Baneling x5  
  62  9:13  Baneling  
  62  9:26  Drone x2  
  63  9:40  Baneling x2  
  63  9:56  Drone x8  
  63  9:57  Drone x6  
  63  10:09  Zergling x8  
  58  10:41  Zergling x20  
  61  10:55  Zergling x14  
  63  11:08  Zergling x4  
Show
View Real Time Build Order
Export as new Build Order

Cheater 1 (Insane) Protoss - Winner!

Build Orders: 1 Gate Expand, Zealot Archon 

Get SALT Encoding   

  12  0:01  Probe (Chrono Boost)  
  13  0:11  Probe (Chrono Boost)  
  14  0:18  Pylon  
  14  0:22  Probe (Chrono Boost)  
  15  0:37  Probe (Chrono Boost)  
  15  0:42  Assimilator  
  16  0:46  Gateway  
  16  0:47  Probe (Chrono Boost)  
  17  0:53  Pylon  
  17  0:58  Probe (Chrono Boost)  
  18  1:08  Probe (Chrono Boost)  
  19  1:19  Probe (Chrono Boost)  
  20  1:29  Probe (Chrono Boost), Nexus  
  21  1:34  Cybernetics Core  
  22  1:40  Zealot, Probe (Chrono Boost)  
  24  1:52  Probe (Chrono Boost)  
  25  1:54  Gateway  
  25  2:00  Pylon  
  25  2:05  Probe (Chrono Boost)  
  25  2:06  Zealot  
  25  2:07  Warp Gate  
  28  2:12  Assimilator  
  29  2:17  Probe (Chrono Boost)  
  29  2:28  Probe (Chrono Boost)  
  30  2:31  Adept, Pylon  
  32  2:40  Sentry, Probe (Chrono Boost)  
  32  2:42  Probe (Chrono Boost)  
  37  2:51  Probe (Chrono Boost)  
  37  2:53  Probe (Chrono Boost)  
  37  2:58  Sentry, Pylon  
  38  3:03  Probe (Chrono Boost)  
  38  3:04  Adept  
  41  3:06  Robotics Facility, Probe (Chrono Boost)  
  44  3:14  Probe (Chrono Boost)  
  44  3:18  Probe (Chrono Boost)  
  46  3:22  Adept  
  46  3:25  Probe (Chrono Boost)  
  49  3:29  Probe (Chrono Boost)  
  49  3:30  Adept  
  52  3:36  Probe (Chrono Boost)  
  52  3:41  Gateway, Probe (Chrono Boost)  
  54  3:46  Pylon  
  54  3:47  Probe (Chrono Boost)  
  54  3:48  Stalker  
  55  3:51  Immortal  
  55  3:52  Probe (Chrono Boost)  
  55  3:55  Adept  
  62  3:59  Probe (Chrono Boost)  
  62  4:00  Robotics Facility  
  65  4:04  Probe (Chrono Boost)  
  67  4:11  Probe (Chrono Boost)  
  67  4:15  Probe (Chrono Boost)  
  67  4:16  Pylon  
  68  4:18  Pylon  
  68  4:22  Probe (Chrono Boost)  
  69  4:25  Stalker  
  69  4:27  Probe (Chrono Boost)  
  69  4:28  Immortal  
  69  4:29  Stalker  
  69  4:31  Gateway  
  72  4:35  Adept  
  58  4:47  Stalker  
  58  4:48  Probe x2 (Chrono Boost)  
  58  4:50  Stalker  
  62  4:54  Adept  
  62  4:59  Immortal  
  64  5:02  Pylon  
  64  5:06  Forge  
  68  5:08  Stalker  
  68  5:11  Forge, Immortal  
  68  5:12  Adept, Stalker  
  70  5:25  Assimilator, Zealot  
  70  5:27  Twilight Council  
  68  5:28  Assimilator  
  68  5:30  Zealot  
  68  5:31  Stalker  
  68  5:34  Adept  
  73  5:44  Adept  
  73  5:49  Adept, Probe x2 (Chrono Boost)  
  79  5:53  Zealot, Pylon  
  79  5:54  Adept  
  83  6:01  Probe x2 (Chrono Boost)  
  83  6:03  Zealot  
  76  6:08  Templar Archives, Zealot  
  70  6:13  Zealot, Probe x2 (Chrono Boost)  
  70  6:14  Zealot  
  76  6:21  Nexus  
  76  6:24  Probe (Chrono Boost)  
  76  6:25  Probe (Chrono Boost)  
  78  6:28  Stalker  
  78  6:29  Pylon, Zealot  
  78  6:32  Gateway  
  82  6:35  Sentry, Probe (Chrono Boost)  
  82  6:36  Probe (Chrono Boost)  
  82  6:38  Stalker, Nexus  
  89  6:47  Probe (Chrono Boost)  
  89  6:48  Stalker, Probe (Chrono Boost)  
  89  6:50  High Templar  
  86  6:57  Zealot  
  86  6:58  Probe (Chrono Boost)  
  86  6:59  Probe (Chrono Boost)  
  86  7:01  High Templar  
  92  7:09  Probe (Chrono Boost)  
  92  7:11  Stalker, Probe (Chrono Boost)  
  96  7:16  Sentry  
  96  7:17  Archon  
  96  7:20  Observer  
  96  7:21  Zealot, Probe (Chrono Boost)  
  103  7:23  Probe (Chrono Boost)  
  103  7:26  Stalker  
  103  7:28  Pylon  
  105  7:32  High Templar  
  105  7:33  Probe (Chrono Boost)  
  105  7:34  High Templar  
  105  7:35  Probe (Chrono Boost)  
  110  7:41  Sentry  
  110  7:42  Protoss Ground Weapons Level 1  
  111  7:45  Probe (Chrono Boost)  
  111  7:46  Probe (Chrono Boost)  
  111  7:47  Archon  
  111  7:50  Pylon  
  111  7:53  High Templar  
  111  7:56  Probe (Chrono Boost)  
  111  7:58  Probe (Chrono Boost)  
  107  8:00  High Templar  
  107  8:05  Nexus  
  109  8:06  Sentry  
  109  8:08  Probe (Chrono Boost)  
  109  8:09  Probe (Chrono Boost)  
  113  8:14  Archon  
  113  8:15  High Templar, Zealot, Protoss Ground Armor Level 1  
  119  8:20  Pylon, Probe (Chrono Boost)  
  119  8:21  Probe (Chrono Boost)  
  119  8:28  High Templar  
  121  8:34  Psionic Storm  
  121  8:40  Photon Cannon  
  121  8:42  Pylon  
  121  8:44  Warp Prism  
  121  8:45  Archon  
  121  8:46  High Templar  
  121  8:48  Warp Prism  
  125  8:55  High Templar  
  129  9:01  Nexus  
  129  9:02  High Templar  
  131  9:05  Pylon  
  131  9:09  Photon Cannon  
  131  9:10  High Templar  
  131  9:12  Photon Cannon, Archon  
  131  9:13  Stalker  
  135  9:17  Warp Prism  
  135  9:19  Nexus  
  135  9:21  High Templar  
  139  9:25  Archon  
  139  9:27  Zealot  
  139  9:29  Pylon  
  141  9:33  Stalker  
  141  9:36  Zealot  
  145  9:42  Zealot  
  145  9:43  Gateway  
  147  9:46  High Templar  
  147  9:48  Photon Cannon  
  147  9:51  Pylon  
  147  9:52  Sentry  
  150  9:55  High Templar, Zealot  
  154  10:02  High Templar  
  154  10:03  Photon Cannon  
  150  10:09  Archon  
  150  10:14  Adept, High Templar  
  150  10:18  High Templar  
  150  10:20  Archon  
  150  10:21  Pylon  
  156  10:23  Nexus  
  156  10:26  High Templar  
  158  10:33  High Templar  
  155  10:35  High Templar, Photon Cannon  
  155  10:39  Probe x2 (Chrono Boost)  
  148  10:45  Gateway  
  145  10:51  Probe x2 (Chrono Boost)  
  145  10:52  High Templar  
  145  10:53  Archon  
  145  10:54  Archon  
  147  11:02  Probe x2 (Chrono Boost)  
  149  11:06  High Templar  
  149  11:08  Photon Cannon  
  151  11:13  Probe (Chrono Boost)  
  151  11:14  High Templar, Probe (Chrono Boost)  
  155  11:22  High Templar  
  155  11:24  Probe (Chrono Boost)  
  159  11:26  Probe (Chrono Boost)  
  159  11:30  High Templar  
  161  11:33  Pylon  
  161  11:39  Nexus  
Tags
 
Add a new tag
Caveats
  • Supply blocks, unpowered buildings, or Contaminate may cause inaccurate times.
  • Supply counts are checked every 10 seconds.